 Dungeon Crawl Stone Soup version 0.19.1-1-g22dce08 (webtiles) character file.

6986 McKennaii the Zephyrmancer (level 10, -13/63 HPs)
             Began as a High Elf Air Elementalist on Jan 6, 2017.
             Was a Believer of Sif Muna.
             Mangled by an orc warrior
             ... wielding a +0 hand axe
              (17 damage)
             ... on level 9 of the Dungeon.
             The game lasted 01:20:59 (10617 turns).

McKennaii the Zephyrmancer (HEAE)                  Turns: 10617, Time: 01:21:00

Health: -13/63     AC:  9    Str:  8    XL:     10   Next: 81%
Magic:  6/25       EV: 15    Int: 21    God:    Sif Muna [**....]
Gold:   224        SH:  0    Dex: 17    Spells: 5 memorised, 17 levels left

rFire  . . .     SeeInvis .     v - +2 falchion (protect)
rCold  . . .     Gourm    .     O - +2 robe {MR+}
rNeg   . . .     Faith    .     (no shield)
rPois  +         Spirit   .     l - +1 helmet
rElec  .         Reflect  .     H - +2 cloak
rCorr  .         Harm     .     (no gloves)
MR     ++...                    (no boots)
Stlth  ++++......               (no amulet)
                                B - ring of stealth
                                k - ring of poison resistance

@: repel missiles
A: no striking features
a: Divine Energy, Renounce Religion


You were on level 9 of the Dungeon.
You worshipped Sif Muna.
Sif Muna was pleased with you.
You were not hungry.

You visited 3 branches of the dungeon, and saw 12 of its levels.

You collected 474 gold pieces.
You spent 250 gold pieces at shops.

Inventory:

Hand Weapons
 v - a +2 falchion of protection (weapon)
Armour
 l - a +1 helmet (worn)
 H - a +2 cloak (worn)
 O - a +2 robe of magic resistance (worn)
Jewellery
 k - a ring of poison resistance (left hand)
 B - a ring of stealth (right hand)
Wands
 u - a wand of flame (25/48)
 w - a wand of polymorph (13/24)
 A - a wand of teleportation (4/9)
 C - a wand of flame (22/48)
 E - a wand of digging (13/24)
 L - a wand of teleportation (3/9)
Scrolls
 e - 3 scrolls of random uselessness {unknown}
 f - 3 scrolls of teleportation
 g - 9 scrolls of identify
 h - 5 scrolls of amnesia
 i - a scroll of silence {unknown}
 j - 2 scrolls of noise {unknown}
 m - 7 scrolls of remove curse
 o - 3 scrolls of magic mapping {unknown}
 p - a scroll of enchant weapon {unknown}
 r - 3 scrolls of blinking {unknown}
 t - a scroll of vulnerability {unknown}
 y - a scroll of fog {unknown}
 D - a scroll of immolation
 G - 2 scrolls of fear {unknown}
 I - a scroll of recharging {unknown}
 M - a scroll of summoning {unknown}
Potions
 a - a potion of agility {unknown}
 n - 2 potions of brilliance {unknown}
 q - 2 potions of degeneration {unknown}
 s - 3 potions of flight
 x - 3 potions of lignification {unknown}
 z - 3 potions of mutation {unknown}
 F - 2 potions of curing {unknown}
 K - a potion of resistance
Books
 b - a book of Air

   Spells                             Type                      Level
   a - Shock                          Conjuration/Air              1
   b - Swiftness                      Charms/Air                   2
   c - Repel Missiles                 Charms/Air                   2
   d - Static Discharge               Conjuration/Air              3
   e - Lightning Bolt                 Conjuration/Air              5
Comestibles
 c - 8 bread rations
 d - 6 meat rations
 J - 2 beef jerkies
 N - 6 slices of pizza


   Skills:
 + Level 3.4 Fighting
 + Level 4.7 Long Blades
 + Level 4.4 Dodging
 + Level 4.1 Stealth
 + Level 0.7 Unarmed Combat
 + Level 10.6 Spellcasting
 + Level 8.5 Conjurations
 + Level 0.5 Charms
 + Level 10.7 Air Magic


You had 17 spell levels left.
You knew the following spells:

 Your Spells              Type           Power        Failure   Level  Hunger
a - Shock                 Conj/Air       ####         1%          1    None
b - Swiftness             Chrm/Air       #####...     1%          2    None
c - Repel Missiles        Chrm/Air       #####.       1%          2    None
d - Static Discharge      Conj/Air       ######..     1%          3    None
e - Lightning Bolt        Conj/Air       ######....   3%          5    ####...


Dungeon Overview and Level Annotations

Branches:
Dungeon (10/15)            Temple (1/1) D:7            Lair (1/6) D:8
    Orc: D:9-12

Altars:
Ashenzari
Cheibriados
Dithmenos
Elyvilon
Fedhas
Gozag
Hepliaklqana
Kikubaaqudgha
Makhleb
Nemelex Xobeh
Okawaru
Qazlal
Ru
Sif Muna
Trog
Uskayaw
Vehumet
Xom
Yredelemnul
Zin
The Shining One

Shops:
D:7 ***   D:9 *

Annotations:
Lair:1 loom's ghost, novice DECj


Message History

Okay, then.
Casting: Shock
Confirm with . or Enter, or press ? or * to list all spells.
Aiming: Lightning Bolt
Press: ? - help, Shift-Dir - straight line, f - orc warrior
Aim: an orc warrior, wielding a hand axe and wearing a plate armour (almost dead)
You hear a mighty clap of thunder!
The bolt of lightning misses the orc warrior.
The orc warrior barely misses you. The orc closely misses you.
Casting: Lightning Bolt
Confirm with . or Enter, or press ? or * to list all spells.
Aiming: Lightning Bolt
Press: ? - help, Shift-Dir - straight line, f/p - orc warrior
Aim: an orc warrior, wielding a hand axe and wearing a plate armour (almost dead)
You hear a mighty clap of thunder!
The bolt of lightning hits the orc warrior.
The orc warrior appears unharmed.
The orc warrior is almost dead.
The orc warrior hits you with a hand axe!
You die...

###.#..#......##
#......#......##
###.............#.
##.................
#....#...........#.
##.##..............
#####..............#.
##.##..).............#
#....@o...............
##.##o#...............
####.##.............. ###
##..................
####.###...................
##.#...##...#..............#
#.....###...##..............
##
##....##.....#..#...........
.##
####..###............<.......


You could see an orc warrior and an orc.

Vanquished Creatures
  Erolcha (D:9)
  Pikel (D:4)
  An ugly thing (D:8)
  Joseph (D:8)
  Psyche (D:8)
  Grinder (D:3)
  2 hippogriffs
  A spriggan (D:8)
  A yak (D:8)
  Eustachio (D:4)
  Grum (D:8)
  A hungry ghost (D:9)
  Duvessa (D:5)
  4 orc warriors
  A black bear (D:7)
  4 slaves
  An ice beast (D:6)
  2 sky beasts
  4 centaurs
  2 crocodiles
  2 ogres
  2 wolves (D:8)
  3 bullfrogs
  A water moccasin zombie (D:5)
  Dowan (D:5)
  5 scorpions
  5 wights (D:9)
  3 crimson imps
  A centaur zombie (D:4)
  2 bullfrog zombies
  4 orc priests
  5 hounds
  A jelly (D:10)
  7 orc wizards
  Crazy Yiuf (D:7)
  A bullfrog skeleton (D:4)
  2 iguanas
  4 worker ants (D:4)
  2 hound zombies
  3 worker ant zombies
  2 river rats (D:8)
  11 adders
  7 shadow imps
  6 leopard geckos
  19 orcs
  5 giant cockroaches
  5 goblins
  8 hobgoblins
  4 jackals
  3 quokkas
  3 ball pythons
  11 bats
  4 frilled lizards
  3 jackal zombies
  8 kobolds
  A quokka zombie (D:8)
  24 rats
211 creatures vanquished.

Vanquished Creatures (others)
  2 fungi (D:8)
2 creatures vanquished.

Grand Total: 213 creatures vanquished

Notes
Turn   | Place    | Note
-------+----------+-------------------------------------------
     0 | D:1      | McKennaii the High Elf Air Elementalist began the quest for the Orb.
     0 | D:1      | Reached XP level 1. HP: 11/11 MP: 4/4
   143 | D:1      | Reached XP level 2. HP: 14/17 MP: 0/6
   414 | D:1      | Learned a level 2 spell: Swiftness
   417 | D:1      | Learned a level 2 spell: Repel Missiles
   534 | D:2      | Reached XP level 3. HP: 21/21 MP: 0/7
   917 | D:2      | Reached skill level 5 in Air Magic
   917 | D:2      | Reached XP level 4. HP: 24/27 MP: 0/9
  1245 | D:3      | Found an iron altar of Okawaru.
  1414 | D:3      | Noticed Grinder
  1435 | D:3      | Killed Grinder
  1435 | D:3      | Reached XP level 5. HP: 31/31 MP: 1/12
  1435 | D:3      | Reached XP level 6. HP: 36/36 MP: 1/13
  2064 | D:4      | Noticed a slave
  2064 | D:4      | Noticed a slave
  2090 | D:3      | Killed a slave
  2092 | D:3      | Killed a slave
  2166 | D:4      | Noticed Pikel
  2168 | D:4      | Noticed a slave
  2169 | D:4      | Noticed a slave
  2381 | D:4      | Got a bloodstained war axe
  2417 | D:4      | Reached skill level 5 in Spellcasting
  2437 | D:4      | Learned a level 3 spell: Static Discharge
  2443 | D:4      | Learned a level 5 spell: Lightning Bolt
  2543 | D:4      | Noticed Eustachio
  2575 | D:4      | Killed Eustachio
  2575 | D:4      | Reached skill level 1 in Fighting
  2575 | D:4      | Reached skill level 1 in Long Blades
  2575 | D:4      | Reached XP level 7. HP: 30/43 MP: 6/16
  2968 | D:4      | Killed Pikel
  2968 | D:4      | Reached skill level 5 in Conjurations
  2968 | D:4      | Reached XP level 8. HP: 30/48 MP: 6/19
  3166 | D:5      | Entered Level 5 of the Dungeon
  3244 | D:5      | Found a shimmering altar of Xom.
  3712 | D:5      | Noticed Duvessa
  3713 | D:5      | Noticed Dowan
  3722 | D:5      | Killed Duvessa
  3733 | D:5      | Killed Dowan
  4570 | D:5      | Reached XP level 9. HP: 53/53 MP: 16/22
  5331 | D:7      | Found a staircase to the Ecumenical Temple.
  5343 | Temple   | Entered the Ecumenical Temple
  5474 | Temple   | Became a worshipper of Sif Muna the Loreminder
  5620 | D:7      | Found Voghoit's General Store.
  5621 | D:7      | Found Dumem's General Store.
  5756 | D:7      | Found Vofym's General Store.
  5759 | D:7      | Bought a scroll of immolation for 42 gold pieces
  5759 | D:7      | Bought a scroll of amnesia for 42 gold pieces
  5759 | D:7      | Bought a potion of flight for 36 gold pieces
  5938 | D:7      | Found a runed door.
  5942 | D:7      | Noticed Crazy Yiuf
  5944 | D:7      | Killed Crazy Yiuf
  6207 | D:7      | Bought a potion of resistance for 130 gold pieces
  6699 | D:8      | Noticed Grum
  6711 | D:8      | Killed Grum
  6711 | D:8      | Reached * piety under Sif Muna
  6938 | D:8      | Found a staircase to the Lair.
  7052 | D:8      | Found a sacrificial altar of Ru.
  7071 | D:8      | Noticed Psyche
  7084 | D:8      | Noticed Joseph
  7217 | D:8      | Got a pitted flail
  7570 | D:8      | Paralysed by Psyche for 2 turns
  7583 | D:8      | Killed Psyche
  7583 | D:8      | Reached XP level 10. HP: 22/61 MP: 24/24
  7882 | D:8      | Killed Joseph
  8155 | D:8      | Reached ** piety under Sif Muna
  8713 | D:9      | Noticed a brown ugly thing
  9200 | D:9      | Noticed Erolcha
  9345 | D:9      | Reached skill level 10 in Spellcasting
  9392 | D:9      | Reached skill level 10 in Air Magic
  9625 | D:9      | Found Bomuluob's General Store.
  9796 | D:9      | Killed Erolcha
 10045 | D:8      | Killed a brown ugly thing
 10135 | D:8      | HP: 2/63 [electric eel/bolt of electricity (7)]
 10440 | Lair:1   | Entered Level 1 of the Lair of Beasts
 10444 | Lair:1   | Noticed loom's ghost (novice DECj)
 10589 | D:10     | Entered Level 10 of the Dungeon
 10612 | D:10     | HP: 3/63 [orc/flail (5)]
 10617 | D:9      | Mangled by an orc warrior

Skill      XL: |  1  2  3  4  5  6  7  8  9 10 |
---------------+-------------------------------+-----
Air Magic      | 4 5 6 7 8 9 10 | 10.7
Spellcasting   | 3 4 5 7 8 9 10 | 10.6
Conjurations   | 2 3 5 6 7 8 |  8.5
Dodging        | 3 4 |  4.4
Fighting       | 1 2 3 |  3.4
Long Blades    | 1 2 3 4 |  4.7
Stealth        | 3 4 |  4.1
Unarmed Combat | |  0.7
Charms         | |  0.5

Action                   |  1- 3 |  4- 6 |  7- 9 | 10-12 || total
-------------------------+-------+-------+-------+-------++-------
Melee: Unarmed           |    35 |       |       |       ||    35
       Falchion          |       |     7 |    88 |    53 ||   148
       Punch             |       |       |       |     1 ||     1
 Cast: Shock             |    70 |    92 |   309 |   156 ||   627
       Repel Missiles    |     1 |       |     3 |     1 ||     5
       Lightning Bolt    |       |       |     5 |    13 ||    18
       Swiftness         |       |       |     1 |     1 ||     2
       Static Discharge  |       |       |     1 |       ||     1
  Use: Scroll            |       |       |     3 |     2 ||     5
       Potion            |       |       |     2 |     1 ||     3
 Stab: Distracted        |       |       |     1 |       ||     1
  Eat: Pizza             |       |     1 |     1 |     2 ||     4
       Bread ration      |       |     1 |     2 |     1 ||     4
       Meat ration       |       |       |     1 |     1 ||     2
       Beef jerky        |       |       |     1 |     1 ||     2
Armor: Robe              |    21 |     8 |    45 |    32 ||   106
Dodge: Dodged            |    52 |    15 |   160 |    82 ||   309
       Deflected         |       |       |     9 |     6 ||    15
       Rpst.: Falchion   |       |     7 |    52 |    22 ||    81
